 Dungeon Crawl Stone Soup version 0.25.1-2-g60ff931df9 (webtiles) character file.

Game seed: 2619577007390087607

2727 Chimkentus the Chucker (level 9, -2/63 HPs)
             Began as an Octopode Assassin on Aug 24, 2020.
             Was a Believer of Wu Jian.
             Slain by a two-headed ogre
             ... wielding a +0 giant club
              (29 damage)
             ... on level 8 of the Dungeon.
             The game lasted 00:42:24 (9080 turns).

Chimkentus the Chucker (Octopode Assassin)          Turns: 9080, Time: 00:42:24

Health: -2/63      AC:  5    Str: 10    XL:     9   Next: 67%
Magic:  10/10      EV: 17    Int: 13    God:    Wu Jian [**....]
Gold:   360        SH:  0    Dex: 17    Spells: 8/8 levels left

rFire    + . .     SeeInvis .   B - +4 falchion (flame)
rCold    . . .     Gourm    .   (no shield)
rNeg     + . .     Faith    .   (helmet restricted)
rPois    .         Spirit   .   (no amulet)
rElec    .         Reflect  .   q - +4 ring of protection
rCorr    .         Harm     .   x - ring of wizardry
MR       .....     Rnd*Tele +   C - ring of teleportation (curse)
Stlth    ++++......             g - ring of protection from fire
HPRegen  0.20/turn              H - ring of positive energy
MPRegen  0.12/turn              (no ring)
                                (no ring)
                                (no ring)

@: no status effects
A: almost no armour, stealthy swim, amphibious, 8 rings, constrict 8, camouflage
1, gelatinous body 1
a: Wall Jump, Renounce Religion


You were on level 8 of the Dungeon.
You worshipped Wu Jian.
Wu Jian was pleased with you.
You were not hungry.

You visited 2 branches of the dungeon, and saw 9 of its levels.

You collected 360 gold pieces.

Inventory:

Hand Weapons
 a - a +2 dagger
 f - a +4 hand axe
 p - a +0 mace
 s - a +0 spear
 w - a +0 hunting sling
 z - a +1 hand axe of flaming
 B - a +4 falchion of flaming (weapon)
Missiles
 e - 5 boomerangs (quivered)
 i - 37 bolts
 j - 183 stones
 k - 17 sling bullets
 t - 74 arrows
 u - 8 javelins
 D - a throwing net
Jewellery
 g - a ring of protection from fire (on tentacle)
 q - a +4 ring of protection (left tentacle)
 x - a ring of wizardry (right tentacle)
 C - a cursed ring of teleportation (on tentacle)
 H - a ring of positive energy (on tentacle)
Wands
 c - a wand of flame (13)
 y - a wand of polymorph (7)
Scrolls
 b - 2 scrolls of identify
 m - 4 scrolls of teleportation
 v - 2 scrolls of amnesia
Potions
 h - 2 potions of haste
 l - 3 potions of heal wounds
 n - a potion of ambrosia
 o - 3 potions of brilliance
 r - 3 potions of curing
 E - a potion of lignification
 F - 2 potions of magic
 G - a potion of flight {unknown}
Comestibles
 d - 13 rations
 A - a chunk of flesh


   Skills:
 * Level 6.5 Fighting
 + Level 5.6(6.2) Short Blades
 + Level 3.8(5.3) Long Blades
 - Level 6.5 Throwing
 * Level 6.1 Dodging
 - Level 5.3 Stealth
 * Level 2.3 Evocations


You had 8 spell levels left.
You didn't know any spells.
Your spell library contained the following spells:

 Spells                   Type           Power        Failure   Level  Hunger
 Animate Skeleton         Necr           N/A          12%         1    ##.....
 Apportation              Tloc           #.....       12%         1    ##.....
 Corona                   Hex            #......      12%         1    ##.....
 Summon Small Mammal      Summ           #...         12%         1    ##.....


Dungeon Overview and Level Annotations

Branches:
Dungeon (8/15)             Temple (1/1) D:4
   Lair: D:8-11

Altars:
Ashenzari
Cheibriados
Dithmenos
Elyvilon
Fedhas
Gozag
Hepliaklqana
Kikubaaqudgha
Makhleb
Nemelex Xobeh
Okawaru
Qazlal
Ru
Sif Muna
Trog
Uskayaw
Vehumet
Wu Jian
Xom
Yredelemnul
Zin
The Shining One

Annotations:
D:8 exclusions: door and killer bee


Innate Abilities, Weirdness & Mutations

You cannot wear most types of armour.
You are very stealthy in the water. (Stealth+)
You are amphibious.
You can wear up to eight rings at the same time.
You can use your tentacles to constrict eight enemies at once.
Your skin changes colour to match your surroundings (Stealth+).
Your rubbery body absorbs attacks. (AC +1, EV +1)


Message History

Press: ? - help, Shift-Dir - straight line, f/p - two-headed ogre
Aim: a two-headed ogre, wielding two +0 giant clubs (lightly wounded, very poisoned)
You throw a boomerang.
The boomerang hits the two-headed ogre but does no damage.
The two-headed ogre is lightly wounded.
Throwing (i - inventory. (/) - cycle)
e - 5 boomerangs (quivered)
Press: ? - help, Shift-Dir - straight line, f/p - two-headed ogre
Aim: a two-headed ogre, wielding two +0 giant clubs (lightly wounded, very poisoned)
You throw a boomerang. The boomerang hits the two-headed ogre!
The two-headed ogre is moderately wounded.
You lunge at the two-headed ogre.
You barely miss the two-headed ogre.
The two-headed ogre is moderately wounded.
The two-headed ogre hits you with a +0 giant club!!
The two-headed ogre misses you.
You lunge at the two-headed ogre.
You hit the two-headed ogre. You burn the two-headed ogre.
You squeeze the two-headed ogre!
The two-headed ogre is almost dead.
The two-headed ogre hits you with a +0 giant club!
The two-headed ogre hits you with a +0 giant club!!
You die...

#%%:..+.......................
#%p...#.......................
###'###..............######.##
#h... #......(.......######.#
#.h.h ####'#.(..............##
#### #....#..................
################.####............
...........# #O####............
##########.#####@................
#...........#.......###........
#...........#.#####.# #########
#...........#.# #.#
#...........#.# #.#
########.####.# #.# #......# #.#
################# #.. #........#
###


You could see a two-headed ogre (very poisoned).

Vanquished Creatures
  Grinder (D:5)
  A wyvern (D:8)
  Eustachio (D:4)
  An orc warrior (D:6)
  Duvessa (D:7)
  2 sky beasts
  3 phantoms
  A black bear (D:7)
  A centaur (D:5)
  2 ogres
  Blork the orc (D:6)
  2 bullfrogs (D:7)
  Dowan (D:7)
  5 howler monkeys
  4 hounds
  4 orc priests (D:4)
  4 orc wizards
  Jessica (D:2)
  9 worker ants
  An iguana (D:8)
  A worker ant zombie (D:6)
  8 adders
  An adder zombie (D:7)
  3 adder skeletons
  2 dart slugs
  3 worms
  9 leopard geckos
  14 orcs
  6 giant cockroaches
  3 goblins
  10 hobgoblins
  2 jackals (D:7)
  2 quokkas
  3 ball pythons
  7 bats
  3 frilled lizards
  8 kobolds
  5 rats
136 creatures vanquished.

Notes
Turn   | Place    | Note
-------+----------+-------------------------------------------
     0 | D:1      | Chimkentus the Octopode Assassin began the quest for the
                  | Orb.
     0 | D:1      | Reached XP level 1. HP: 14/14 MP: 1/1
   316 | D:1      | Reached XP level 2. HP: 17/19 MP: 2/2
  1191 | D:2      | Noticed Jessica
  1199 | D:2      | Killed Jessica
  1199 | D:2      | Reached XP level 3. HP: 8/25 MP: 3/3
  1427 | D:2      | Reached XP level 4. HP: 30/30 MP: 4/4
  2459 | D:3      | Reached XP level 5. HP: 29/36 MP: 5/5
  3040 | D:4      | Noticed Eustachio
  3044 | D:4      | Noticed an ogre
  3308 | D:4      | Found a staircase to the Ecumenical Temple.
  3317 | Temple   | Entered the Ecumenical Temple
  3401 | Temple   | Became a worshipper of the Wu Jian Council
  3477 | D:4      | Reached XP level 6. HP: 42/42 MP: 6/6
  4210 | D:4      | Reached XP level 7. HP: 26/47 MP: 7/7
  4215 | D:5      | Entered Level 5 of the Dungeon
  4940 | D:5      | Noticed Grinder
  4952 | D:5      | Killed Grinder
  5096 | D:5      | Reached skill level 5 in Throwing
  5096 | D:5      | Reached XP level 8. HP: 51/54 MP: 8/8
  6164 | D:4      | Killed Eustachio
  6164 | D:4      | Reached * piety under Wu Jian
  6357 | D:5      | Reached skill level 5 in Fighting
  6357 | D:5      | Reached skill level 5 in Short Blades
  6357 | D:5      | Reached skill level 5 in Dodging
  6804 | D:6      | Reached XP level 9. HP: 61/61 MP: 9/9
  6997 | D:6      | Noticed Blork the orc
  7000 | D:6      | Killed Blork the orc
  7000 | D:6      | Reached skill level 1 in Long Blades
  7034 | D:6      | Found an opulent altar of Gozag.
  7404 | D:7      | Reached skill level 1 in Evocations
  7418 | D:7      | Noticed Duvessa
  7583 | D:7      | Noticed Dowan
  7615 | D:7      | Killed Dowan
  7691 | D:7      | Killed Duvessa
  8068 | D:7      | Reached ** piety under Wu Jian
  9073 | D:8      | Noticed a two-headed ogre
  9080 | D:8      | Slain by a two-headed ogre

Illustrated notes

Levels and vault maps discovered:
D:1:      shiori_arrival_maze, layout_loops_ring, st_stairs_10
D:2:      layout_loops_ring, uniq_jessica
D:3:      kennysheep_six_static_rooms, layout_rooms
D:4:      layout_basic, temple_hall, uniq_eustachio
D:5:      layout_layer_cave, first_ration, uniq_grinder
D:6:      layout_loops_corners, nicolae_gozag_cash_rules_everything_around_me,
          uniq_blork_the_orc
D:7:      layout_basic, serial_glass, glass_columns_b, glass_columns_a,
          glass_columns_a, glass_columns_a, glass_columns_a, glass_columns_a,
          uniq_duvessa
D:8:      layout_basic, grunt_livestock
Temple:   grunt_wide_crystal_templ

Skill      XL: |  1  2  3  4  5  6  7  8  9 |
---------------+----------------------------+-----
Dodging        | 2 3 4 5 6 |  6.1
Fighting       | 3 4 5 6 |  6.5
Throwing       | 3 4 5 6 |  6.5
Short Blades   | 3 4 5 |  5.6
Long Blades    | 3 |  3.8
Evocations     | 2 |  2.3
Stealth        | |  5.3

Action                   |  1- 3 |  4- 6 |  7- 9 || total
-------------------------+-------+-------+-------++-------
Melee: Dagger            |    42 |   119 |    89 ||   250
       Constrict         |     9 |    25 |    25 ||    59
       Tentacles         |     2 |    22 |    37 ||    61
       Falchion          |       |       |    86 ||    86
Throw: Dart              |    12 |    37 |    19 ||    68
       Javelin           |       |       |     5 ||     5
       Boomerang         |       |       |    56 ||    56
Invok: Lunge             |       |     6 |    22 ||    28
       Whirlwind         |       |       |     1 ||     1
 Abil: Wall Jump         |       |       |     1 ||     1
Evoke: Wand              |       |       |     3 ||     3
  Use: Potion            |       |     1 |     2 ||     3
       Scroll            |       |     8 |    12 ||    20
 Stab: Sleeping          |     8 |    19 |    19 ||    46
  Eat: Chunk             |       |    10 |    15 ||    25
Armor: Skin              |     5 |    12 |    21 ||    38
Dodge: Dodged            |    30 |    58 |    86 ||   174
       Rpst.: Falchion   |       |       |    13 ||    13
